 Dungeon Crawl Stone Soup version 0.31.0-11-ge490571c62 (webtiles) character file.

Game seed: 14844425989992190544

177 qw the Skirmisher (level 5, -4/29 HPs)
             Began as a Deep Elf Hunter on Feb 4, 2024.
             Slain by a black bear (6 damage)
             ... on level 4 of the Dungeon.
             The game lasted 00:00:10 (2590 turns).

qw the Skirmisher (Deep Elf Hunter)                 Turns: 2590, Time: 00:00:11

Health: -4/29      AC:  5    Str: 10    XL:     5   Next: 30%
Magic:  16/16      EV: 12    Int: 10    God:
Gold:   176        SH:  5    Dex: 26    Spells: 4/4 levels left

rFire   . . .        a - +0 shortbow
rCold   . . .        (shield currently unavailable)
rNeg    . . .        g - +0 ring mail
rPois   .            (no helmet)
rElec   .            (no cloak)
rCorr   .            (no gloves)
SInv    .            (no boots)
Will    +....        i - amulet of reflection
Stlth   ++           c - ring of Pammael {Will+ MP+9 Int-4 Dex+8}
HPRegen 0.24/turn    (no ring)
MPRegen 0.15/turn

%: reflection
@: no status effects
A: no striking features
a: no special abilities


You were on level 4 of the Dungeon.
You visited 1 branch of the dungeon, and saw 4 of its levels.

You collected 176 gold pieces.


   Skills:
 - Level 1.5 Fighting
 + Level 8.3 Ranged Weapons
 - Level 3.4 Dodging
 - Level 1.2 Stealth


You had 4 spell levels left.
You didn't know any spells.
Your spell library was empty.

Inventory:

Hand Weapons
 a - a +0 shortbow (weapon)
Armour
 g - a +0 ring mail (worn)
Jewellery
 c - the ring of Pammael (left hand) {Will+ MP+9 Int-4 Dex+8}
   (You found it on level 3 of the Dungeon)

   [ring of willpower]

   Int-4:     It affects your intelligence (-4).
   Dex+8:     It affects your dexterity (+8).
   Will+:     It increases your willpower.
   MP+9:      It affects your magic capacity (+9).
 i - an amulet of reflection (around neck)
Potions
 d - 2 potions of curing
 h - a potion of enlightenment
 m - a potion of might

Dungeon Overview and Level Annotations

Branches:
Dungeon (4/15)
 Temple: D:4-7

Altars:
Nemelex Xobeh


Message History

The black bear barely misses you. The black bear claws you.
The black bear barely misses you.
You shoot an arrow. The arrow hits the black bear!
The black bear is almost dead.
You block the black bear's attack. The black bear claws you. x2
You shoot an arrow.
The arrow hits the black bear but does no damage.
The black bear is almost dead.
The black bear goes berserk!
The black bear bites you.
The black bear claws you but does no damage.
The black bear barely misses you.
Enter note:
Enter note:
2584 ||| RETREEEEATING.
The black bear closely misses you. You block the black bear's attack.
The black bear claws you.
You shoot an arrow. The arrow barely misses the black bear.
The black bear misses you. The black bear claws you. The black bear misses you.
The black bear barely misses you. The black bear closely misses you.
You block the black bear's attack.
Enter note:
2586 ||| RETREEEEATING.
Enter note:
2587 ||| RETREEEEATING.
You block the black bear's attack. The black bear misses you.
The black bear claws you but does no damage.
You shoot an arrow. The arrow barely misses the black bear.
The black bear bites you. You block the black bear's attack.
The black bear closely misses you.
You shoot an arrow. The arrow barely misses the black bear.
The black bear bites you but does no damage.
You block the black bear's attack. The black bear completely misses you.
The black bear misses you. The black bear claws you.
The black bear barely misses you.
You shoot an arrow. The arrow hits the black bear.
The black bear is almost dead.
The black bear bites you but does no damage.
The black bear completely misses you. The black bear closely misses you.
The black bear bites you.
You die...

## ..# #..#
.#..###..# .#..
.:###...###..#...#..
/.[#
#..##....#...#...#..
...
.........#..##..%#..
#..#.. ###..#..###.##
..##..#.#
#....#........
........#
#....#..###...
..##..#.#####.#####.#
##.. #B
#Bh@........... #..
.. #############..#
#.# .. ###... #.# .#
#.....##.# #...<...
##...... #.......
#...#.##.# #.###.##.#


You could see a black bear (berserk) and a bombardier beetle.

Vanquished Creatures
  An orc priest (D:3)
  An orc wizard (D:3)
  4 adders
  A dart slug (D:2)
  3 ribbon worms
  8 orcs (D:3)
  7 bats
  5 endoplasms
  3 giant cockroaches
  9 goblins
  5 hobgoblins
  2 quokkas
  7 ball pythons
  3 frilled lizards (D:2)
  7 kobolds
  5 rats
71 creatures vanquished.

Notes
Turn   | Place    | Note
-------+----------+-------------------------------------------
     0 | D:1      | qw the Deep Elf Hunter began the quest for the Orb.
     0 | D:1      | Reached XP level 1. HP: 12/12 MP: 3/3
     0 | D:1      | 0 ||| qw: Version: 0.3-a-160-g6735b56
     0 | D:1      | 0 ||| qw: Game counter: 4469
     0 | D:1      | 0 ||| qw: Melee chars always use a shield: true
     0 | D:1      | 0 ||| qw: God list: Okawaru
     0 | D:1      | 0 ||| qw: Allow faded altars: false
     0 | D:1      | 0 ||| qw: Do Orc after clearing Dungeon:15 true
     0 | D:1      | 0 ||| qw: Do second Lair branch before Depths: true
     0 | D:1      | 0 ||| qw: Lair rune preference: random
     0 | D:1      | 0 ||| qw: Goals: Normal
     0 | D:1      | 0 ||| PLANNING D:1-11
   169 | D:1      | Reached XP level 2. HP: 16/16 MP: 4/4
   171 | D:1      | Reached skill level 6 in Ranged Weapons
   667 | D:1      | 667 ||| UPGRADING to +0 ring mail.
   677 | D:1      | 677 ||| DROPPING +0 leather armour.
   678 | D:1      | 678 ||| UPGRADING to amulet of reflection.
   683 | D:1      | 683 ||| DROPPING ring of flight.
   684 | D:1      | 684 ||| READING scroll labelled CER JAFEECIOB.
   685 | D:1      | 685 ||| READING scroll labelled ISKUNE VUCHO.
   786 | D:1      | 786 ||| READING scroll labelled ODACONOQEX.
   817 | D:1      | 817 ||| READING scroll labelled NYNUTI BINYBLI.
   821 | D:1      | 821 ||| DROPPING scroll of butterflies.
   902 | D:2      | Reached XP level 3. HP: 20/20 MP: 5/5
  1064 | D:2      | Reached skill level 7 in Ranged Weapons
  1467 | D:2      | Reached XP level 4. HP: 25/25 MP: 6/6
  1684 | D:2      | 1684 ||| READING scroll labelled OGUASU AWKIGAMY.
  1685 | D:2      | 1685 ||| READING 2 scrolls labelled CELEFR ROIFAA.
  1685 | D:2      | 1685 ||| IDENTIFYING amethyst potion
  1686 | D:2      | 1686 ||| READING scroll of identify.
  1686 | D:2      | 1686 ||| IDENTIFYING green potion
  1687 | D:2      | 1687 ||| READING scroll labelled QIWAED UNYMO.
  1688 | D:2      | 1688 ||| DRINKING 2 fuming coppery potions.
  1689 | D:2      | 1689 ||| DRINKING 2 puce potions.
  1690 | D:2      | 1690 ||| DROPPING potion of lignification.
  1691 | D:2      | 1691 ||| DROPPING potion of ambrosia.
  1692 | D:2      | 1692 ||| DROPPING potion of attraction.
  1774 | D:3      | Identified the ring of Pammael {Will+ MP+9 Int-4 Dex+8}
  1878 | D:3      | Reached skill level 8 in Ranged Weapons
  1924 | D:3      | HP: 4/25 [orc/+0 trident (4)]
  1930 | D:3      | 1930 ||| FLEEEEING.
  1931 | D:3      | 1931 ||| FLEEEEING.
  1932 | D:3      | 1932 ||| FLEEEEING.
  1933 | D:3      | 1933 ||| FLEEEEING.
  1934 | D:3      | 1934 ||| FLEEEEING.
  1935 | D:3      | 1935 ||| FLEEEEING.
  1936 | D:3      | 1936 ||| STAIRDANCE
  2017 | D:2      | 2017 ||| DROPPING amulet of guardian spirit.
  2018 | D:2      | 2018 ||| UPGRADING to ring of Pammael {Will+ MP+9 Int-4
                  | Dex+8}.
  2083 | D:2      | 2083 ||| READING 2 scrolls of identify.
  2083 | D:2      | 2083 ||| IDENTIFYING orange potion
  2084 | D:2      | 2084 ||| READING scroll of identify.
  2084 | D:2      | 2084 ||| IDENTIFYING smoky emerald potion
  2085 | D:2      | 2085 ||| READING scroll labelled CAQAP ORAIKHLOF.
  2237 | D:3      | Found a sparkling altar of Nemelex Xobeh.
  2322 | D:3      | Reached skill level 3 in Dodging
  2322 | D:3      | Reached XP level 5. HP: 29/29 MP: 7/7
  2574 | D:4      | Noticed a black bear
  2584 | D:4      | 2584 ||| RETREEEEATING.
  2586 | D:4      | 2586 ||| RETREEEEATING.
  2587 | D:4      | 2587 ||| RETREEEEATING.
  2589 | D:4      | HP: 2/29 [black bear (6)]
  2590 | D:4      | Slain by a black bear

Levels and vault maps discovered:
D:1:      minmay_arrival_four_circles, layout_basic,
          amcnicky_mini_rare_corridor_liquid, minmay_shallow_snake_nest
D:2:      layout_basic, minmay_pentomino_p4
D:3:      layout_basic, nemelex_dance_club_becter
D:4:      layout_loops_ring, mainiacjoe_overflow_small_starburst,
          mainiacjoe_overflow_tiny_flanked, nicolae_titane

Skill      XL: |  1  2  3  4 |
---------------+-------------+-----
Ranged Weapons | 6 7 8 |  8.3
Dodging        | 3 |  3.4
Fighting       | |  1.5
Stealth        | |  1.2

Action                     |  1- 3 |  4- 6 || total
---------------------------+-------+-------++-------
   Fire: Shortbow          |   109 |   106 ||   215
    Use: Scroll            |     4 |     7 ||    11
         Potion            |       |     2 ||     2
 Armour: Leather armour    |     6 |       ||     6
         Ring mail         |    12 |    41 ||    53
  Dodge: Dodged            |    21 |    40 ||    61
  Block: Other             |     8 |    18 ||    26
         Reflection        |     1 |       ||     1

Table legend:
 A = Non-vault XP
 B = Vault XP
 C = Vault XP percentage of total XP
 D = Non-vault monster count
 E = Vault monster count
 F = Vault count percentage of total count
                 A         B        C        D         E       F
            +---------+---------+-------+---------+---------+-------
      Total |     227 |      26 |  10.3 |      62 |       9 |  12.7
            +---------+---------+-------+---------+---------+-------
        D:1 |      25 |       4 |  13.8 |      14 |       3 |  17.6
        D:2 |      54 |      17 |  23.9 |      24 |       4 |  14.3
        D:3 |     115 |       5 |   4.2 |      20 |       2 |   9.1
        D:4 |      33 |       0 |   0.0 |       4 |       0 |   0.0
            +---------+---------+-------+---------+---------+-------
